 Dungeon Crawl Stone Soup version 0.29-a0-330-g52719c12eb (webtiles) character file.

Game seed: 10233942050435917536

78906 Leszczynek the Frost Mage (level 16, 22/113 (119) HPs)
             Began as a Human Gladiator on Apr 17, 2022.
             Was a High Priest of Sif Muna.
             Quit the game on level 4 of the Spider Nest on Apr 18, 2022.
             The game lasted 02:30:59 (15423 turns).

Leszczynek the Frost Mage (Human Gladiator)        Turns: 15423, Time: 02:30:59

HP:   22/113 (119)  AC: 14    Str: 14    XL:     16   Next: 9%
MP:   24/26         EV: 15    Int: 15    God:    Sif Muna [*****.]
Gold: 92            SH:  0    Dex: 17    Spells: 4/29 levels left

rFire   . . .      SeeInvis .   a - +4 quarterstaff (spect)
rCold   + . .      Faith    .   (shield currently unavailable)
rNeg    . . .      Spirit   .   s - +0 troll leather armour
rPois   .          Reflect  .   U - +0 hat "Asuitzof" {rElec rC+ Stlth+}
rElec   +          Harm     .   Q - +2 cloak
rCorr   .          Rampage  .   V - +0 pair of gloves
Will    +....                   j - +1 pair of boots
Stlth   ++++......              d - amulet of magic regeneration
HPRegen 1.08/turn               G - ring of wizardry
MPRegen 0.60/turn               C - +4 ring of protection

@: lethally poisoned (22 -> -28), spiked, freezing walls, drained
A: no striking features
a: Renounce Religion, Channel Magic, Forget Spell, Divine Exegesis


You were on level 4 of the Spider Nest.
You worshipped Sif Muna.
Sif Muna was extremely pleased with you.
You visited 5 branches of the dungeon, and saw 25 of its levels.
You also visited: Ossuary.

You collected 2164 gold pieces.
You spent 2072 gold pieces at shops.

Inventory:

Hand Weapons
 a - a +4 spectral quarterstaff (weapon)
 q - a +0 glaive
 H - a +1 scimitar of flaming
Missiles
 o - 9 boomerangs (quivered)
 y - 3 throwing nets
 A - 5 silver javelins
 F - 4 curare-tipped darts
Armour
 j - a +1 pair of boots (worn)
 l - +0 swamp dragon scales
 s - a +0 troll leather armour (worn)
 O - +0 steam dragon scales
 Q - a +2 cloak (worn)
 T - a +1 robe of willpower
 U - the +0 hat "Asuitzof" (worn) {rElec rC+ Stlth+}
   (You found it on level 2 of the Orcish Mines)

   rC:        It protects you from cold.
   rElec:     It insulates you from electricity.
   Stlth:     It makes you more stealthy.
 V - a +0 pair of gloves (worn)
 X - a scarf of resistance
Magical Staves
 c - a staff of cold
Jewellery
 d - an amulet of magic regeneration (around neck)
 g - a +6 ring of dexterity
 i - a ring of fire
 r - an amulet of reflection
 C - a +4 ring of protection (right hand)
 E - a ring of magical power
 G - a ring of wizardry (left hand)
Wands
 m - a wand of iceblast (7)
 D - a wand of polymorph (10)
 P - a wand of charming (15)
Scrolls
 e - a scroll of silence {unknown}
 f - a scroll of blinking
 h - 5 scrolls of fog
 k - 7 scrolls of teleportation
 p - 3 scrolls of immolation {!r}
 u - 2 scrolls of amnesia
 v - a scroll of summoning
 x - 4 scrolls of vulnerability {!r}
 K - 4 scrolls of magic mapping
 S - a scroll of torment {!r}
Potions
 b - 2 potions of degeneration {unknown}
 n - 2 potions of heal wounds {@q2}
 t - a potion of cancellation
 w - 2 potions of brilliance
 z - a potion of berserk rage {!q}
 I - 3 potions of lignification {!q}
 J - 4 potions of flight
 L - 2 potions of mutation {unknown}
 M - a potion of haste {unknown}
 N - 3 potions of might
 R - 2 potions of invisibility
 W - a potion of ambrosia {unknown}
 Y - 2 potions of magic {unknown}


   Skills:
 + Level 8.8 Fighting
 - Level 6.6 Staves
 - Level 4.0 Throwing
 + Level 7.0 Dodging
 + Level 4.0 Stealth
 + Level 7.0 Spellcasting
 - Level 9.0 Conjurations
 - Level 0.9 Hexes
 * Level 11.7 Necromancy
 - Level 3.8 Translocations
 + Level 12.0 Ice Magic
 - Level 7.3 Air Magic
 - Level 4.0 Poison Magic
 - Level 9.4 Invocations
 - Level 4.1 Evocations


You had 4 spell levels left.
You knew the following spells:

 Your Spells              Type           Power      Damage    Failure   Level
a - Magic Dart            Conj           100%       1d8       1%          1
b - Mephitic Cloud        Conj/Pois/Air  25%        N/A       1%          3
c - Animate Skeleton      Necr           80%        N/A       1%          1
d - Airstrike             Air            13%        N/A       3%          4
e - Hailstorm             Conj/Ice       36%        3d9       1%          4
f - Frozen Ramparts       Ice            82%        1d10      1%          3
g - Sublimation of Blood  Necr           40%        N/A       1%          2
h - Simulacrum            Ice/Necr       20%        N/A       9%          6
A - Apportation           Tloc           32%        N/A       1%          1

Your spell library contained the following spells:

 Spells                   Type           Power      Damage    Failure   Level
 Freeze                   Ice            100%       1d11      1%          1
 Corpse Rot               Necr/Air       66%        N/A       1%          2
 Poisonous Vapours        Pois/Air       44%        N/A       1%          2
 Searing Ray              Conj           64%        2d6       1%          2
 Static Discharge         Conj/Air       29%        N/A       1%          2
 Ozocubu's Armour         Ice            41%        N/A       1%          3
 Vampiric Draining        Necr           40%        2d8       1%          3
 Conjure Flame            Conj/Fire      18%        6-21      3%          3
 Anguish                  Hex/Necr       12%        N/A       4%          4
 Summon Small Mammal      Summ           20%        N/A       7%          1
 Fulminant Prism          Conj/Hex       10%        3d9       9%          4
 Call Imp                 Summ           5%         N/A       11%         2
 Sticky Flame             Conj/Fire      18%        2d4       11%         4
 Ignite Poison            Fire/Tmut/Pois 9%         N/A       12%         3
 Olgreb's Toxic Radiance  Pois           17%        N/A       13%         4
 Tukima's Dance           Hex            7%         N/A       14%         3
 Inner Flame              Hex/Fire       6%         N/A       16%         3
 Summon Lightning Spire   Summ/Air       16%        N/A       16%         4
 Cause Fear               Hex            3%         N/A       41%         4
 Metabolic Englaciation   Hex/Ice        12%        N/A       13%         5
 Silence                  Hex/Air        8%         N/A       32%         5
 Alistair's Intoxication  Tmut/Pois      7%         N/A       58%         5
 Infestation              Necr           20%        N/A       96%         8
 Enfeeble                 Hex            3%         N/A       100%        7


Dungeon Overview and Level Annotations

Branches:
Dungeon (12/15)            Temple (1/1) D:4            Lair (6/6) D:10
 Spider (4/4) Lair:3        Slime (0/5) Lair:6          Orc (2/2) D:10
    Elf (0/3) Orc:2       Ossuary (visited)
  Swamp: Lair:2-4    Shoals: Lair:2-4

Altars:
Cheibriados
Dithmenos
Elyvilon
Hepliaklqana
Kikubaaqudgha
Okawaru
Sif Muna
Trog
Vehumet
Yredelemnul
Beogh

Shops:
D:6 (   D:7 ?   Orc:1 *   Orc:2 ([**=

Annotations:
D:11 3 runed translucent doors, Flugslaktarn's ghost, journeyman HuFE
Lair:3 shoals
Spider:1 exclusion: downstairs


Message History

A cannonade of hail descends around you!
The hail pelts the redback!
The redback is heavily wounded.
The hail pelts the steelbarb worm!
The steelbarb worm is moderately wounded.
The wolf spider simulacrum completely resists.
The wall freezes the wolf spider simulacrum but does no damage.
The wolf spider simulacrum misses you. The wolf spider simulacrum bites you.
The wolf spider simulacrum freezes you! You resist.
The wall freezes the redback.
You hit the steelbarb worm.
The steelbarb worm is moderately wounded.
The wall freezes the redback.
The wall freezes the steelbarb worm.
The steelbarb worm hits you!
* * * LOW HITPOINT WARNING * * *
Barbed spikes become lodged in your body.
A jumping spider comes into view.
You feel much better.
The wolf spider simulacrum completely resists.
The wall freezes the wolf spider simulacrum but does no damage.
The wall freezes the steelbarb worm.
The steelbarb worm barely misses you.
The wall freezes the redback.
The redback bites you.
You are poisoned.
The redback poisons you!
The wolf spider simulacrum completely resists.
The wall freezes the wolf spider simulacrum but does no damage.
Unknown command.
You closely miss the redback.
The redback is almost dead.
You feel extremely sick.
The wall freezes the redback.
The redback bites you.
* * * LOW HITPOINT WARNING * * *
You are lethally poisoned!
The redback poisons you!
The wall freezes the steelbarb worm.
The steelbarb worm misses you.
The wolf spider simulacrum completely resists.
The wall freezes the wolf spider simulacrum but does no damage.
Unknown command.
Unknown command.
Are you sure you want to abandon this character and quit the game? (Confirm with "yes".)

..#^......^......(
^.#........#......
#................
#......^......^..
.....^...........
.##..s..........
#.....^#.......
##s.....^..^#...
#@wZ..^..#### ##
####..#### ####


You could see a steelbarb worm (soul bound), a jumping spider, a redback and a
wolf spider simulacrum.

Vanquished Creatures
  Saint Roka (Orc:2)
  A ghost moth (Spider:3)
  A broodmother (Spider:3)
  Fannar (D:10)
  3 boulder beetles
  4 hydras
  A radroach (Spider:3)
  Erica (D:8)
  3 death knights (D:10)
  A centaur warrior (D:10)
  2 jorogumos (Spider:3)
  A merfolk avatar (Lair:6)
  2 two-headed ogres
  An orc high priest (Orc:2)
  2 pharaoh ants
  A sea snake (Lair:6)
  3 steelbarb worms
  2 orb spiders
  A lindwurm (Lair:6)
  3 orc knights (Orc:2)
  2 phantasmal warriors (D:10)
  A deep elf pyromancer (Orc:2)
  2 ugly things (D:10)
  A harpy (Lair:6)
  3 wolf spiders
  A deep elf zephyrmancer (Orc:2)
  2 orc sorcerers (Orc:2)
  5 elephants
  2 moths of wrath
  A cyclops (D:8)
  2 black mambas (Lair:3)
  3 torpor snails
  9 cane toads
  Maggie (D:6)
  3 unseen horrors
  4 demonic crawlers
  A rime drake (Lair:6)
  11 komodo dragons
  2 kobold demonologists
  A freezing wraith (D:10)
  4 polar bears
  A merfolk (Lair:3)
  A wind drake (Lair:6)
  6 trolls
  10 tarantellas
  11 blink frogs
  5 hornets
  Grinder (D:3)
  2 slime creatures (Lair:6)
  4 dream sheep (Lair:6)
  3 snapping turtles (Lair:6)
  5 wyverns
  A wraith (D:10)
  5 culicivoras
  2 shadows
  10 jumping spiders
  55 yaks
  A basilisk (D:10)
  3 steam dragons (Lair:6)
  3 vampire mosquitoes (D:12)
  13 redbacks
  An acid dragon (D:7)
  3 wargs (Orc:2)
  13 water moccasins
  20 orc warriors
  6 black bears
  2 ice beasts (D:5)
  A sky beast (D:7)
  A swamp drake (Orc:2)
  7 ogres
  10 wolves
  4 centaurs
  3 kobold brigands
  A necrophage (D:6)
  19 bullfrogs
  12 scorpions
  2 water moccasin zombies (D:4)
  9 wights
  19 killer bees
  A howler monkey (D:9)
  A crimson imp (Orc:2)
  2 centaur zombies (Ossuary)
  4 human zombies (Ossuary)
  2 hounds
  21 orc priests
  3 jellies
  A bullfrog skeleton (D:4)
  3 gnoll shamans
  An iron imp (Orc:2)
  3 iguanas
  30 orc wizards
  3 scorpion zombies (Ossuary)
  The ghost of p0werm0de the Insei, a weakling MyCK of Xom (D:4)
  3 mummies (Ossuary)
  10 gnolls
  4 adders
  2 shadow imps
  4 white imps
  An ufetubus (D:5)
  4 dart slugs
  89 orcs
  5 ball pythons
  A bat (D:3)
  2 endoplasms (D:4)
  3 giant cockroaches
  2 gnoll zombies (Ossuary)
  2 goblins (D:4)
  6 hobgoblins
  A quokka (D:3)
  A frilled lizard (D:3)
  3 goblin zombies (Ossuary)
  A hobgoblin zombie (Ossuary)
  14 kobolds
  2 kobold zombies (Ossuary)
  2 orc zombies (Ossuary)
  3 rats (D:3)
  A butterfly (Lair:5)
613 creatures vanquished.

Vanquished Creatures (collateral kills)
  An entropy weaver (Spider:3)
  A steelbarb worm (Spider:3)
  A rime drake (Lair:6)
  2 komodo dragons (Lair:6)
  A tarantella (Spider:3)
  A jumping spider (Spider:3)
  2 culicivoras (Spider:3)
  A steam dragon (D:9)
  9 redbacks (Spider:3)
  An ice beast (D:5)
  A wight (D:9)
  A killer bee (D:9)
22 creatures vanquished.

Vanquished Creatures (others)
  An orc warrior (Orc:2)
  An orc (Orc:2)
  74 fungi
  97 plants
173 creatures vanquished.

Grand Total: 808 creatures vanquished

Notes
Turn   | Place    | Note
-------+----------+-------------------------------------------
     0 | D:1      | Leszczynek the Human Gladiator began the quest for the Orb.
     0 | D:1      | Reached XP level 1. HP: 16/16 MP: 1/1
    65 | D:1      | Reached XP level 2. HP: 23/23 MP: 2/2
   179 | D:3      | Noticed Grinder
   307 | D:4      | Noticed a water moccasin
   307 | D:4      | Noticed a scorpion
   421 | D:3      | Reached XP level 3. HP: 28/28 MP: 3/3
   451 | D:4      | Learned a level 1 spell: Magic Dart
   493 | D:3      | Reached skill level 3 in Fighting
   540 | D:3      | Reached skill level 1 in Conjurations
   590 | D:4      | Noticed a scorpion
   609 | D:4      | Killed a scorpion
   610 | D:4      | Reached skill level 2 in Conjurations
   610 | D:4      | Reached XP level 4. HP: 35/35 MP: 4/4
   618 | D:4      | Killed a scorpion
   619 | D:4      | Reached skill level 3 in Conjurations
   619 | D:4      | Reached XP level 5. HP: 31/42 MP: 5/5
   671 | D:4      | Found a runed translucent gate.
   671 | D:4      | Found a runed translucent gate.
   671 | D:4      | Found a runed translucent gate.
   673 | D:4      | Noticed p0werm0de's ghost (weakling MyCK)
   979 | D:4      | Reached XP level 6. HP: 36/48 MP: 6/6
  1124 | D:5      | Entered Level 5 of the Dungeon
  1135 | D:5      | Reached skill level 4 in Fighting
  1151 | D:5      | Reached skill level 1 in Spellcasting
  1154 | D:5      | Noticed a wyvern
  1277 | D:4      | Reached skill level 4 in Conjurations
  1300 | D:5      | Noticed an ice beast
  1343 | D:4      | Killed a water moccasin
  1466 | D:5      | Noticed an ice beast
  1536 | D:5      | Reached XP level 7. HP: 52/54 MP: 6/9
  1741 | D:5      | Reached skill level 2 in Spellcasting
  1816 | D:6      | Reached skill level 5 in Conjurations
  1865 | D:6      | Found Wittext's Antique Weapon Boutique.
  2218 | D:6      | Bought a glowing quarterstaff for 168 gold pieces
  2241 | D:7      | Found Sixi's Magic Scroll Shoppe.
  2256 | D:7      | Noticed a kobold demonologist
  2289 | D:7      | HP: 10/55 [orc priest/divine providence (16)]
  2289 | D:7      | HP: 4/55 [orc priest/+0 war axe (6)]
  2291 | D:7      | Reached XP level 8. HP: 4/61 MP: 9/11
  2677 | D:7      | Reached skill level 6 in Conjurations
  2702 | D:7      | Reached skill level 4 in Dodging
  2776 | D:7      | Reached skill level 5 in Fighting
  2803 | D:7      | Reached skill level 4 in Staves
  2866 | D:7      | Reached skill level 1 in Evocations
  2875 | D:6      | Noticed a yak
  2875 | D:6      | Noticed a yak
  2875 | D:6      | Noticed a yak
  2883 | D:6      | Noticed a yak
  2891 | D:7      | Killed a yak
  2970 | D:6      | Noticed Maggie
  2996 | D:6      | Reached skill level 5 in Staves
  2996 | D:6      | Reached skill level 2 in Evocations
  2996 | D:6      | Reached XP level 9. HP: 61/68 MP: 9/12
  3001 | D:6      | Killed Maggie
  3056 | D:6      | Reached skill level 5 in Dodging
  3094 | D:6      | Reached skill level 3 in Evocations
  3117 | D:6      | Learned a level 3 spell: Mephitic Cloud
  3151 | D:6      | Reached skill level 6 in Fighting
  3151 | D:6      | Reached skill level 6 in Staves
  3151 | D:6      | Reached skill level 1 in Air Magic
  3170 | D:6      | Reached skill level 1 in Poison Magic
  3289 | D:6      | Reached skill level 2 in Air Magic
  3289 | D:6      | Reached skill level 2 in Poison Magic
  3461 | D:7      | Found a shadowy altar of Dithmenos.
  3499 | D:7      | Reached skill level 3 in Air Magic
  3641 | D:5      | Reached skill level 3 in Poison Magic
  3922 | D:3      | Killed Grinder
  3923 | D:3      | Reached skill level 4 in Evocations
  3923 | D:3      | Reached XP level 10. HP: 76/76 MP: 10/13
  4011 | D:3      | so where's temple?
  4011 | D:3      | lol
  4011 | D:3      | just not in the game
  4255 | D:4      | Found a staircase to the Ecumenical Temple.
  4256 | D:4      | oh, okay
  4276 | Temple   | Entered the Ecumenical Temple
  4283 | Temple   | Became a worshipper of Sif Muna the Loreminder
  4310 | D:4      | Killed p0werm0de's ghost
  4317 | D:4      | Reached skill level 4 in Air Magic
  4320 | D:4      | Reached skill level 4 in Poison Magic
  4697 | D:8      | Noticed Erica
  4708 | D:8      | Killed Erica
  4709 | D:8      | Reached skill level 3 in Throwing
  4709 | D:8      | Reached skill level 3 in Spellcasting
  4709 | D:8      | Reached skill level 7 in Conjurations
  4722 | D:8      | Found a sand-covered staircase.
  4755 | Ossuary  | Entered an ossuary
  4918 | Ossuary  | Reached * piety under Sif Muna
  4991 | Ossuary  | Reached skill level 4 in Throwing
  5004 | Ossuary  | Reached skill level 4 in Spellcasting
  5166 | D:9      | Noticed a five-headed hydra
  5243 | D:9      | Reached skill level 1 in Invocations
  5250 | D:9      | Noticed a boulder beetle
  5260 | D:9      | 41% fails 8 times
  5260 | D:9      | i guess i just don't have a speedrunner luck
  5260 | D:9      | 1.5% chance of this happening
  5260 | D:9      | unless this percentage isn't properly displayed :^)
  5330 | D:8      | Noticed a cyclops
  5347 | D:8      | Killed a cyclops
  5348 | D:8      | Reached skill level 8 in Conjurations
  5348 | D:8      | Reached skill level 2 in Invocations
  5394 | D:8      | Learned a level 1 spell: Animate Skeleton
  5406 | D:8      | Reached XP level 11. HP: 74/81 MP: 17/17
  5443 | D:8      | Reached skill level 1 in Necromancy
  5502 | D:9      | Killed a boulder beetle
  5503 | D:9      | Reached skill level 2 in Necromancy
  5503 | D:9      | Reached skill level 5 in Air Magic
  5503 | D:9      | Reached skill level 3 in Invocations
  5510 | D:9      | oh
  5510 | D:9      | well, that was certainly a better way to do it
  5510 | D:9      | i thought they're RESISTANT to poison
  5510 | D:9      | not SUSPECTIBLE to it
  5524 | D:9      | Killed a one-headed hydra
  5524 | D:9      | Reached ** piety under Sif Muna
  5525 | D:9      | Reached skill level 3 in Necromancy
  5602 | D:9      | Reached skill level 4 in Invocations
  5688 | D:9      | Reached skill level 6 in Air Magic
  5705 | D:9      | Learned a level 1 spell: Apportation
  5859 | D:9      | Reached skill level 1 in Translocations
  5970 | D:9      | Reached skill level 2 in Translocations
  6032 | D:10     | Entered Level 10 of the Dungeon
  6034 | D:10     | Found a radiant altar of Vehumet.
  6085 | D:9      | Learned a level 2 spell: Poisonous Vapours
  6121 | D:10     | Reached skill level 3 in Translocations
  6145 | D:10     | Found a staircase to the Lair.
  6202 | D:10     | Paralysed by a hornet for 2 turns
  6206 | D:10     | Reached skill level 5 in Invocations
  6242 | D:10     | Noticed Fannar
  6251 | D:10     | HP: 16/83 [Fannar/refrigeration (30)]
  6310 | D:9      | Found a bloodstained altar of Trog.
  6391 | D:9      | Found a snail-covered altar of Cheibriados.
  6510 | D:10     | Found the +10 Black Knight's barding {ponderous, rPois rN+}
  6516 | D:10     | Noticed a red ugly thing
  6536 | D:10     | Killed a red ugly thing
  6758 | D:12     | Reached XP level 12. HP: 43/89 MP: 18/18
  6898 | D:11     | Reached skill level 9 in Conjurations
  7041 | D:11     | Found a runed translucent gate.
  7041 | D:11     | Found a runed translucent gate.
  7041 | D:11     | Found a runed translucent gate.
  7046 | D:11     | Noticed Flugslaktarn's ghost (journeyman HuFE)
  7059 | D:11     | Noticed a two-headed ogre
  7084 | D:11     | Killed a two-headed ogre
  7157 | D:10     | Reached *** piety under Sif Muna
  7158 | D:10     | Reached skill level 7 in Fighting
  7274 | D:10     | Found a staircase to the Orcish Mines.
  7389 | D:10     | Learned a level 4 spell: Fulminant Prism
  7402 | D:10     | Noticed a death knight
  7498 | D:10     | Killed a death knight
  7499 | D:10     | Reached skill level 6 in Dodging
  7499 | D:10     | Reached skill level 1 in Ice Magic
  7499 | D:10     | Reached skill level 6 in Invocations
  7530 | D:10     | Learned a level 4 spell: Hailstorm
  7534 | D:10     | Learned a level 3 spell: Frozen Ramparts
  7576 | D:10     | Reached skill level 2 in Ice Magic
  7583 | D:10     | Noticed a centaur warrior
  7594 | D:10     | Noticed a death knight
  7717 | Orc:1    | Entered Level 1 of the Orcish Mines
  7781 | Orc:1    | Reached skill level 3 in Ice Magic
  7887 | Orc:1    | Reached **** piety under Sif Muna
  7893 | Orc:1    | Reached skill level 4 in Ice Magic
  7916 | Orc:1    | Found Iqieheor's Assorted Antiques.
  7941 | Orc:1    | Bought a fizzy black potion for 21 gold pieces
  7941 | Orc:1    | Bought a scroll labelled QOIVACUSTU for 24 gold pieces
  7941 | Orc:1    | Bought a murky amethyst potion for 21 gold pieces
  8048 | Orc:2    | Entered Level 2 of the Orcish Mines
  8048 | Orc:2    | Found Nuhokuri's Assorted Antiques.
  8048 | Orc:2    | Found a staircase to the Elven Halls.
  8263 | Orc:2    | Reached skill level 5 in Ice Magic
  8316 | Orc:2    | HP: 15/91 [orc knight/+0 war axe (10)]
  8422 | Orc:2    | i haven't managed to cast even on hailstorm so far btw
  8422 | Orc:2    | it's at 13% now, i've tried since ~25%
  8422 | Orc:2    | failed 5 times now i think
  8444 | Orc:2    | Reached skill level 6 in Ice Magic
  8477 | Orc:2    | 6th
  8477 | Orc:2    | 12%
  8481 | Orc:2    | 7/8
  8654 | Orc:2    | Reached skill level 7 in Ice Magic
  8716 | Orc:2    | >2x minor magic
  8716 | Orc:2    | are you kidding me
  8723 | Orc:2    | Identified the +0 hat "Asuitzof" {rElec rC+ Stlth+}
  8742 | Orc:2    | i've seen better cases of this vault
  8809 | Orc:2    | Paralysed by an orc sorcerer for 4 turns
  8815 | Orc:2    | Reached ***** piety under Sif Muna
  8816 | Orc:2    | Reached XP level 13. HP: 72/95 MP: 9/19
  8817 | Orc:2    | 8 out of 10 failures
  8881 | Orc:2    | Identified the +1 robe of the Fortifying Gods {+Blink MP-9
                  | Dex+5 Archmagi}
  8882 | Orc:2    | lel
  8887 | Orc:2    | Reached skill level 8 in Ice Magic
  8888 | Orc:2    | >mp-9
  9002 | Orc:2    | Noticed Saint Roka
  9003 | Orc:2    | ohhhhhh
  9003 | Orc:2    | well, that's it for orc
  9026 | Orc:2    | a warlord i could try to take on, maybe
  9026 | Orc:2    | this guy, not really
  9074 | D:11     | ha ha no
  9123 | D:10     | Received a gift from Sif Muna
  9124 | D:10     | Got Taufir's Collected Works on Ensnaring Evil Magic {god
                  | gift}
  9130 | D:10     | Learned a level 2 spell: Sublimation of Blood
  9143 | D:10     | Noticed an eight-headed hydra
  9163 | D:10     | Killed a five-headed hydra
  9164 | D:10     | Reached skill level 9 in Ice Magic
  9193 | D:10     | Killed a centaur warrior
  9203 | D:10     | Killed Fannar
  9323 | D:10     | Reached skill level 10 in Ice Magic
  9549 | D:10     | Reached skill level 5 in Spellcasting
  9575 | Lair:1   | Entered Level 1 of the Lair of Beasts
 10084 | Lair:3   | Reached skill level 6 in Spellcasting
 10089 | Lair:3   | Reached skill level 11 in Ice Magic
 10238 | Lair:2   | Reached skill level 7 in Invocations
 10286 | Lair:2   | Reached XP level 14. HP: 104/104 MP: 12/23
 10508 | Lair:3   | Found a hole to the Spider Nest.
 10609 | Lair:4   | Reached skill level 8 in Fighting
 10735 | Lair:4   | Received a gift from Sif Muna
 10738 | Lair:4   | Reached skill level 12 in Ice Magic
 10847 | Lair:4   | Reached skill level 4 in Necromancy
 10858 | Lair:4   | Reached skill level 8 in Invocations
 11337 | Lair:5   | Reached skill level 9 in Invocations
 11464 | Lair:6   | Entered Level 6 of the Lair of Beasts
 11464 | Lair:6   | Found a staircase to the Slime Pits.
 11539 | Lair:6   | Reached skill level 5 in Necromancy
 11631 | Lair:6   | Reached skill level 6 in Necromancy
 11755 | Lair:6   | Reached skill level 7 in Necromancy
 11971 | Lair:6   | Reached skill level 8 in Necromancy
 12008 | Lair:6   | Received a gift from Sif Muna
 12009 | Lair:6   | Got Sif Muna's Handbook of Cloudy Toxins {god gift}
 12115 | Lair:6   | Learned a level 4 spell: Airstrike
 12421 | Lair:5   | Learned a level 6 spell: Simulacrum
 12556 | Lair:2   | Reached XP level 15. HP: 110/110 MP: 6/24
 12562 | Lair:2   | Reached skill level 9 in Necromancy
 12846 | Orc:2    | HP: 18/110 [orc warrior/+2 vorpal scimitar[Saint Roka] (7)]
 13082 | Orc:2    | Found Neoteycie's Jewellery Shop.
 13161 | Orc:2    | HP: 22/110 [orc warrior/+2 vorpal scimitar[Saint Roka] (1)]
 13164 | Orc:2    | HP: 9/110 [Saint Roka/divine providence (16)]
 13165 | Orc:2    | HP: 1/110 [Saint Roka/divine providence (9)]
 13168 | Orc:2    | Found Nim Juk's Antique Armour Shop.
 13286 | Orc:2    | Killed Saint Roka
 13287 | Orc:2    | Reached skill level 7 in Air Magic
 13306 | Orc:2    | Found Dycsumn's General Store.
 13322 | Orc:2    | Found Jouhekusk's Antique Weapon Shop.
 13506 | D:7      | Bought a scroll of acquirement for 728 gold pieces
 13506 | D:7      | Bought a scroll of teleportation for 42 gold pieces
 13508 | D:7      | Acquired 558 gold pieces
 13510 | D:7      | impressive waste
 13633 | D:10     | Reached skill level 10 in Necromancy
 13792 | Orc:2    | Bought a ring of wizardry for 480 gold pieces
 13822 | Orc:2    | Bought a potion of curing for 72 gold pieces
 13822 | Orc:2    | Bought a scroll of magic mapping for 84 gold pieces
 13822 | Orc:2    | Bought a scroll of teleportation for 72 gold pieces
 13822 | Orc:2    | Bought a potion of invisibility for 192 gold pieces
 13822 | Orc:2    | Bought a scroll of teleportation for 72 gold pieces
 13822 | Orc:2    | Bought a potion of brilliance for 96 gold pieces
 14000 | Spider:1 | Entered Level 1 of the Spider Nest
 14080 | Spider:1 | Ouch! That really hurt!
 14087 | Spider:1 | HP: 20/110 [culicivora (13)]
 14094 | Spider:1 | Reached skill level 1 in Stealth
 14094 | Spider:1 | HP: 21/110 [culicivora (7)]
 14516 | Spider:3 | Reached skill level 2 in Stealth
 14593 | Spider:4 | Entered Level 4 of the Spider Nest
 14669 | Spider:3 | Reached skill level 11 in Necromancy
 14706 | Spider:3 | Noticed a broodmother
 14761 | Spider:3 | Killed a broodmother
 14774 | Spider:3 | Killed a ghost moth
 14788 | Spider:3 | Reached skill level 3 in Stealth
 14898 | Spider:3 | Received a gift from Sif Muna
 15030 | Spider:3 | Paralysed by a jorogumo for 1 turns
 15035 | Spider:3 | Paralysed by a jorogumo for 2 turns
 15038 | Spider:3 | HP: 12/102 [jorogumo (17)]
 15039 | Spider:3 | HP: 5/102 [poisoned by a jorogumo]
 15141 | Spider:3 | Reached XP level 16. HP: 88/112 MP: 26/26
 15202 | Spider:3 | HP: 18/114 [radroach (35)]
 15202 | Spider:3 | HP: 4/114 [radroach (14)]
 15205 | Spider:3 | Reached skill level 7 in Spellcasting
 15410 | Spider:4 | Reached skill level 4 in Stealth
 15415 | Spider:4 | Reached skill level 7 in Dodging
 15420 | Spider:4 | HP: 21/113 [steelbarb worm (17)]
 15423 | Spider:4 | Quit the game

Illustrated notes .# #.#.#.####.## ## #.##.# #.# ..#### #.# #### #.# ..# #.# #.# #.# #.# #.# ###.### #.# ## #..@..## #.# #. #.#....#####.######. ## # #..#.............. .# #.#....###.....##### .# .....#### ##...## # .### ##.### ##.## # ...# #.# #.# # ...# #.# #.# # ...# #.# ##)## # Turn 4011 on D:3: so where's temple? .....(.....#........# #....... ...........###......# #....... ....................# #....... ...........#.##.....# #....... ...........#.##.....# #....... ...........#.##.....# ######## ...........####.....# ...........# #.....# #...######## #.@...# #...# w..........# #...# .........### #...# .......... #...# ..........≈ #...# ########.≈≈§ #...# .≈§§> #...# [≈≈≈≈§ ##### Turn 4256 on D:4: oh, okay # #<# #.####.# #....#.## ## ####....# ###.# ###).# ..... ##..# ... #...# ... #.#.#### #K# #########.#)..@###.# #........))..#.B##.#.# ######...)##....()...# ##..#..#####.###..# #..###.# #..# ..... ###.## #.# ##.# #.#### ###...# #.# #.# .# ##...### #.# #.# D# ...### #.. #.# .. Turn 5260 on D:9: 41% fails 8 times #.# #.# # #<# #.####.# #....#.## ## ####....# ###.# ###).# ..... ##..# ... #.@.# ... #.#.#### #K# #########.#(...###.# #........))(.#.)##.#.# ######...[##..○.()...# .# ##..#..#####.###..# #.# #..###.# #..# ..... .. ###.## #.# ##.# #.#### . ###...# #.# #.# .# Turn 5510 on D:9: oh ..........# ...#.....## ..........##. ..#......#.... ## ..)..........# .## ..............## .. ...............##.## .........#..#......## ...[.....#......@...# ..<[......#.##.....## ..)).#......##....### ....)##.#.........#.## ..#..................# .<......#.........#.## ..........##.#....### ...................# .).................### ### Turn 8422 on Orc:2: i haven't managed to cast even on hailstorm so far btw #.......#.## ..o........# ........$..# .........## ......#.. .. #.o...#.... ##........# ####..h# ##@#...## #.....# #..†..## ###8...8### #.....# #.#.....#.## ##...## ..#.....#..####.....# .......#...........## ....................# ...................## .............##....# Turn 8477 on Orc:2: 6th #.......#.## ..o........# ........$..# .........## ......#.. .. #.o...#.... ##........# ####..h# ##@#...## #.....# #..†..## ###8...8### #.....# #.#.....#.## ##...## ..#.....#..####.....# .......#...........## ....................# ...................## .............##....# Turn 8481 on Orc:2: 7/8 ....... #...... #...... ########## #....#. #...#.. #@:'..'[[# #...... ...#...# ####''#### #...... #.......## ###......####...... .........###.'.☼..○.'.##...... .......... ###......####...... #.......#.#####......####...... ...........##.'.☼..☼.'.##...... ...........####......####...... ..........######''######)..... Turn 8716 on Orc:2: >2x minor magic ........... #.........# #.......... ########## #....#....# ...#.. #.:'..'[[# #.........# ..#...# ####''#### #.......... .......## ###...@..####.......... ........###.'......'.##.........# ......... ###......####.........# ......#.#####......####.......... .........##.'....÷.'.##.........# .........####......####.........# .........######''######)......... .......#......................... #.#...).#........................ Turn 8742 on Orc:2: i've seen better cases of this vault ####.......#.#####...... .8.........)..##.'....÷. ..............####...... ..o....)......######''## ......o.....#........... .8...#.#)..).#.......... #########..[...).#...... ####..[#....#....... ##.#@.)####...)...... #.....# #..§..## ##......... #8...8### #.....# #.......... #.....#.## ##...## ##.#....... #.....#..####.....# #...#...... .....#...........## ##.......... .............)....# #......#.... .................## ##.......... ...........##....# #.......... Turn 8817 on Orc:2: 8 out of 10 failures ###.......## ###......## #..........###.'......'. . #...........####......## ..#####.......#.#####......## oT..8.........)..##.'....÷.'. .........§§§.....####......## ..........)......######''#### ..........)....#............. ....8...#.#)@.).#............ ..##########).[...)e#........ . ####..[#....#......... ##.#).)####...)........ ....# #..)..## ##........... ...8### #.....# #............ ....#.## ##...## ##.#......... ....#..####.....# #...#........ ...#...........## ##............ Turn 8882 on Orc:2: lel ##...#.....# #.:'..'[[# #. #...#...#.# ####''#### #. ###.......## ###......####. #..........###.'......'.##. . #...........####......####. ..#####.......#.#####......####. oT..8.........)..##.'....÷.'.##. .................####......####. ..........)....@.######''######) ..........)....#................ ....8...#.#)..).#............... ..##########).[...).#........... . ####..[#....#............ ##.#).)####...)........... .# #..)..## ##.............. 8### #.....# #............... .#.## ##...## ##.#............ Turn 8888 on Orc:2: >mp-9 ...#.#.. ..........)... ....... ....o..............)... ....... .o...........8...#.#).. .#..... #.........##########). #...#.# ........ ####..[ #.#..## #.....# ##.#).)# #....# #.....# #..)..## ##...# ###8...8### #.....# #....# ##.#..@..#.## ##...## ##....####..#...))#..####.....# ##.....##.........#...........## #.........................)....# ..............................## ................).......##....# #....##..........#.)..)#####.## ......#.................##.### .....#.#.....>..#......#....# ## Turn 9003 on Orc:2: ohhhhhh

.#.........................)....#
...............................##
.................).......##....#
##....##..........#.)..)#####.##
#......#.................##.###
......#.#.....>..#......#....# #
........)........)..........## .
.............................## .
................@.............##.
....#............§......#..#.....
..................[.....#........
#................<[......#.##....
#................)).#......##....
##.......PPP.......)##.#.........
.)...#...P∩......#...............
......#..PP.....<......#.........
.#.......................##.#....


Turn 9026 on Orc:2: a warlord i could try to take on, maybe
########................ ........................ ........................
#######................. #..........####### #.<........#.#.#W#
#..........#.WWWW# #..........#8!WWW+ #@........)#.?...+
.................#8$...+ .................#.....# #######.##########.#.#.# #.# #
##### #.# #.# #.# Turn 9074 on D:11: ha ha no #...####.....##.# #.###
#.....##.## ###.#### #.....##..# #......# #.....###.# #.#.##.###.#.#.# #.#
#.#..........#.# #.# #.#..#.###.###.###.# ##†#..#.##♣.......#.#
##..[....@.......#.#.# ##.#.#<....♣∩♣........# # ###.###)....##..#.###.### ##
#####..## ##.#####♣.#.###o# .. ......#.# #.## #.......# .. ########.#.#
##...#### .. #.# #...# # #.# #...# # # #...# Turn 13510 on D:7: impressive waste

Levels and vault maps discovered:
D:1:      lemuel_arrival_behind_the_door_small, layout_rooms, serial_curves,
          eino_curves_03, eino_curves_02, eino_curves_03, eino_curves_04,
          basic_ecumenical_altar, minmay_pentomino_q4
D:2:      layout_loops_ring, uniq_natasha, uniq_sigmund
D:3:      layout_loops_corners, uniq_grinder
D:4:      layout_basic, minmay_temple_entry_mist, gammafunk_ghost_necromancy,
          lemuel_old_faithful
D:5:      layout_gridville
D:6:      layout_basic, serial_shops, nicolae_diamond_shop, uniq_maggie
D:7:      layout_loops_cross, nicolae_dithmenos_the_darkroom, enter_bailey_6,
          serial_shops, nicolae_shop_trees
D:8:      layout_gridville, nicolae_ossuary_entry_monument, uniq_erica
D:9:      minmay_evil_eye, layout_rooms, mainiacjoe_overflow_catch_the_wave,
          wad_rectangle_vault
D:10:     layout_roguey, mainiacjoe_overflow_boulevard,
          due_lair_maze_entry_diamond, hiddenorc2_lemuel,
          minmay_shattered_shrine, uniq_fannar
D:11:     layout_long_grid, serial_shops, nicolae_shop_behind_doors,
          gammafunk_ghost_spectres, nicolae_shop_clearance
D:12:     layout_irregular_city
Temple:   compressed_dpeg_circular_temple
Lair:1:   wander_river, layout_small_grid, nicolae_volcano_entry_hallway,
          lemuel_fruit_tree, infiniplex_staircase_pool
Lair:2:   layout_big_grid
Lair:3:   layout_layer_cave, elwin_shoals_entry_rooms,
          spider_nest_entry_web_field, grunt_megastairs_4, serial_bayou_shore_b
Lair:4:   layout_loops_ring, serial_bayou_shore_b
Lair:5:   layout_big_grid, dreamdust_mushroom_princess, lemuel_fruit_fields,
          lemuel_fruit_fields
Lair:6:   gammafunk_lair_ancient_temple, layout_concentric_octagons,
          minmay_slime_entry_pillars, dreamdust_gnoll_shepherd
Spider:1: layout_spider_delve, drop_trap, spiders_nest_spider_trap, uniq_louise
Spider:2: layout_chambers, hellmonk_narrow_tunnel
Spider:3: layout_spider_delve, nicolae_spider_some_kinda_spiderbox
Spider:4: guppyfry_spider_rune, drop_trap
Orc:1:    layout_diamond_mine, serial_shops, shop
Orc:2:    grunt_orc_cross, layout_caves, basic_altar, serial_shops,
          nicolae_shop_overgrown_old_shop, hangedman_minor_magic

Skill      XL: |  1  2  3  4  5  6  7  8  9 10 11 12 13 14 15 16 |
---------------+-------------------------------------------------+-----
Fighting       | 3 4 5 6 7 8 |  8.8
Conjurations   | 2 3 4 5 6 8 9 |  9.0
Spellcasting   | 1 2 4 6 7 |  7.0
Dodging        | 4 5 6 7 |  7.0
Staves         | 5 6 |  6.6
Evocations     | 2 4 |  4.1
Air Magic      | 3 4 6 7 |  7.3
Poison Magic   | 3 4 |  4.0
Throwing       | 4 |  4.0
Invocations    | 2 5 6 7 9 |  9.4
Necromancy     | 3 8 11 | 11.7
Translocations | 3 |  3.8
Ice Magic      | 7 11 12 | 12.0
Stealth        | 3 4 |  4.0
Hexes          | |  0.9

Action                   |  1- 3 |  4- 6 |  7- 9 | 10-12 | 13-15 | 16-18 || total
-------------------------+-------+-------+-------+-------+-------+-------++-------
Melee: Quarterstaff      |    51 |    64 |   118 |   488 |   616 |    23 ||  1360
       Dagger            |       |       |    22 |       |       |       ||    22
       Scimitar          |       |       |       |     9 |    13 |       ||    22
 Fire: Hunting sling     |     1 |    16 |    26 |     2 |       |       ||    45
Throw: Throwing net      |     6 |       |       |       |       |       ||     6
       Javelin           |       |     1 |    11 |     9 |     6 |       ||    27
       Dart              |       |       |       |     8 |       |       ||     8
       Boomerang         |       |       |       |    28 |    96 |     4 ||   128
 Cast: Magic Dart        |     1 |    31 |    89 |   103 |    29 |       ||   253
       Mephitic Cloud    |       |       |       |    22 |     4 |       ||    26
       Animate Skeleton  |       |       |       |    17 |    13 |       ||    30
       Poisonous Vapours |       |       |       |    25 |     5 |       ||    30
       Apportation       |       |       |       |     1 |     5 |     1 ||     7
       Frozen Ramparts   |       |       |       |    19 |   120 |     6 ||   145
       Hailstorm         |       |       |       |     3 |    62 |     2 ||    67
       Sublimation of Bl |       |       |       |       |     2 |       ||     2
       Airstrike         |       |       |       |       |    22 |       ||    22
       Simulacrum        |       |       |       |       |     5 |       ||     5
Invok: Channel Magic     |       |       |       |     3 |     3 |       ||     6
Evoke: Wand              |       |       |     3 |    17 |     2 |     1 ||    23
  Use: Potion            |       |     3 |     1 |     5 |    12 |     2 ||    23
       Scroll            |       |     1 |     8 |    16 |    18 |     1 ||    44
 Stab: Held in net/web   |     2 |       |       |       |       |       ||     2
       Sleeping          |       |     1 |     1 |       |     1 |       ||     3
       Paralysed         |       |       |     2 |     2 |       |       ||     4
       Distracted        |       |       |     2 |     7 |     5 |       ||    14
       Confused          |       |       |       |     4 |     4 |       ||     8
       Invisible         |       |       |       |       |     2 |       ||     2
Armor: Leather armour    |     9 |       |       |       |       |       ||     9
       Robe              |     2 |    11 |    12 |       |       |       ||    25
       Swamp dragon scal |       |       |     7 |   117 |       |       ||   124
       Skin              |       |       |       |    23 |       |       ||    23
       Steam dragon scal |       |       |       |     1 |       |       ||     1
       Troll leather arm |       |       |       |    39 |   236 |     8 ||   283
Dodge: Dodged            |    28 |    49 |    72 |   200 |   476 |     8 ||   833
Block: Other             |       |       |    23 |    84 |    58 |       ||   165
       Reflection        |       |       |     1 |     6 |       |       ||     7

Table legend: (Time is in decaauts)
 A = Elapsed time spent in this place.
 B = Non-inter-level travel time spent in this place.
 C = Inter-level travel time spent in this place.
 D = Time resting spent in this place.
 E = Time spent auto-exploring this place.
 F = Levels seen in this place.
 G = Mean time per level.
                   A        B        C        D        E       F      G
               +--------+--------+--------+--------+--------+-----+--------+
         Total |  16219 |  14685 |   1534 |    236 |      0 |  26 |  623.8 |
       Dungeon |   8923 |   8026 |    897 |    215 |      0 |  12 |  743.6 |
        Temple |     14 |      8 |      6 |      0 |      0 |   1 |   14.0 |
          Lair |   3278 |   2888 |    390 |      0 |      0 |   6 |  546.3 |
   Spider Nest |   1547 |   1459 |     88 |     16 |      0 |   4 |  386.8 |
  Orcish Mines |   2132 |   1980 |    152 |      5 |      0 |   2 | 1066.0 |
       Ossuary |    322 |    322 |      0 |      0 |      0 |   1 |  322.0 |
               +--------+--------+--------+--------+--------+-----+--------+

Top non-repeatable levels by time:
    D:10: 1923 daAuts
   Orc:2: 1706 daAuts
     D:4: 1256 daAuts
     D:7: 1137 daAuts
Spider:3: 1128 daAuts
     D:9: 956 daAuts
     D:3: 944 daAuts
  Lair:6: 849 daAuts
     D:5: 730 daAuts
  Lair:2: 653 daAuts
     D:6: 630 daAuts
  Lair:4: 628 daAuts
    D:11: 576 daAuts
     D:8: 535 daAuts
   Orc:1: 426 daAuts
